 Dungeon Crawl Stone Soup version 0.29.1-15-g9cfb28693d (webtiles) character file.

Game seed: 11750824422164082739

15988 monsoonserge the Cleaver (level 12, -2/98 HPs)
             Began as a Palentonga Fighter on May 1, 2023.
             Was an Elder of Nemelex Xobeh.
             Slain by an orc warlord
             ... wielding a +1 vorpal great sword
              (23 damage)
             ... on level 13 of the Dungeon.
             The game lasted 00:52:28 (11615 turns).

monsoonserge the Cleaver (Palentonga Fighter)      Turns: 11615, Time: 00:52:28

Health: -2/98      AC: 25    Str: 30    XL:     12   Next: 6%
Magic:  0/17       EV:  4    Int:  8    God:    Nemelex Xobeh [****..]
Gold:   560        SH: 14    Dex: 10    Spells: 11/11 levels left

rFire   + . .      SeeInvis +   J - +2 hand axe (vorpal)
rCold   . . .      Faith    .   w - +0 tower shield
rNeg    . . .      Spirit   +   o - +0 plate armour
rPois   +          Reflect  .   Y - +0 helmet
rElec   .          Harm     .   E - +0 cloak
rCorr   .          Rampage  .   (no gloves)
Will    ++...                   (no barding)
Stlth   ..........              M - amulet of guardian spirit
HPRegen 0.26/turn               m - ring of Charity {rPois rF+ Will++ Str+3 Slay+6}
MPRegen 0.15/turn               u - +4 ring of protection

@: invisible, curled up
A: large, rugged brown scales 3, see invisible, deformed body, roll 1, armoured
tail, reflexive curl
a: Rolling Charge, Renounce Religion, Draw Escape, Draw Destruction, Draw
Summoning, Triple Draw, Deal Four


You were on level 13 of the Dungeon.
You worshipped Nemelex Xobeh.
Nemelex Xobeh was greatly pleased with you.
You visited 2 branches of the dungeon, and saw 14 of its levels.
You also visited: Sewer.

You collected 593 gold pieces.
You spent 33 gold pieces at shops.

Inventory:

Hand Weapons
 a - a +0 war axe
 h - a +3 halberd
 B - a +2 spear of flaming
 J - a +2 vorpal hand axe (weapon)
 O - a +3 flail of protection
 U - the +3 quarterstaff "Demonbane" {drain, rN++}
   (You found it on level 10 of the Dungeon)

   A truly terrible weapon, it drains the life of any living foe it strikes.
   rN:        It greatly protects you from negative energy.
Missiles
 g - 80 stones
 j - 23 poisoned darts (quivered)
 v - 3 datura-tipped darts
 D - a throwing net
 H - 12 boomerangs
 T - 4 curare-tipped darts
Armour
 c - a +0 buckler
 k - a +0 chain mail
 o - a +0 plate armour (worn)
 w - a +0 tower shield (worn)
 E - a +0 cloak (worn)
 Y - a +0 helmet (worn)
Jewellery
 m - the ring of Charity (left hand) {rPois rF+ Will++ Str+3 Slay+6}
   (You found it on level 2 of the Dungeon)

   [ring of protection from fire]

   Str:       It affects your strength (+3).
   Slay:      It affects your accuracy & damage with ranged weapons and melee
   (+6).
   rF:        It protects you from fire.
   rPois:     It protects you from poison.
   Will:      It greatly increases your willpower.
 u - a +4 ring of protection (right hand)
 y - an amulet of magic regeneration
 z - a ring of ice
 M - an amulet of guardian spirit (around neck)
 W - a ring of protection from fire
 X - a ring of fire
Wands
 F - a wand of charming (20)
 N - a wand of acid (11)
 P - a wand of flame (36)
 V - a wand of polymorph (5)
Scrolls
 b - 5 scrolls of enchant armour {unknown}
 f - 6 scrolls of teleportation
 i - a scroll of torment {unknown}
 l - a scroll of butterflies {unknown}
 p - 8 scrolls of fear
 q - 2 scrolls of poison {unknown}
 t - a scroll of vulnerability {unknown}
 x - 3 scrolls of blinking {unknown}
 I - 3 scrolls of amnesia {unknown}
 L - a scroll of brand weapon {unknown}
 S - 2 scrolls of magic mapping {unknown}
Potions
 d - a potion of might
 e - 3 potions of flight
 n - 6 potions of curing
 r - 2 potions of magic {unknown}
 s - 2 potions of invisibility
 A - a potion of ambrosia {unknown}
 C - 3 potions of resistance {unknown}
 G - 2 potions of cancellation
 K - a potion of heal wounds
 Q - 2 potions of lignification {unknown}
 R - 2 potions of haste {unknown}


   Skills:
 + Level 7.8 Fighting
 + Level 9.0(9.7) Axes
 + Level 5.4(7.5) Polearms
 + Level 2.1 Throwing
 + Level 8.1 Armour
 + Level 1.5 Dodging
 + Level 1.2 Stealth
 + Level 8.6 Shields
 * Level 7.9 Invocations


You had 11 spell levels left.
You didn't know any spells.
Your spell library contained the following spells:

 Spells                   Type           Power      Damage    Failure   Level
 Foxfire                  Conj/Fire      0%         2x1d4     100%        1
 Freeze                   Ice            0%         1d3       100%        1
 Blink                    Tloc           0%         N/A       100%        2
 Conjure Flame            Conj/Fire      0%         6-21      100%        3
 Frozen Ramparts          Ice            0%         1d1       100%        3
 Inner Flame              Hex/Fire       0%         N/A       100%        3
 Flame Wave               Conj/Fire      0%         2d4       100%        4
 Hailstorm                Conj/Ice       0%         3d3       100%        4
 Passage of Golubria      Tloc           0%         N/A       100%        4
 Manifold Assault         Tloc           0%         N/A       100%        5
 Silence                  Hex/Air        0%         N/A       100%        5
 Storm Form               Tmut/Air       0%         N/A       100%        7
 Lehudib's Crystal Spear  Conj/Erth      0%         10d2      100%        8


Dungeon Overview and Level Annotations

Branches:
Dungeon (13/15)            Temple (1/1) D:6            Lair (0/5) D:8
    Orc (0/2) D:11          Sewer (visited)
 Vaults: D:13-14

Altars:
Ashenzari
Cheibriados
Dithmenos
Elyvilon
Fedhas
Gozag
Hepliaklqana
Kikubaaqudgha
Makhleb
Nemelex Xobeh
Okawaru
Qazlal
Ru
Sif Muna
Trog
Uskayaw
Vehumet
Wu Jian
Xom
Yredelemnul
Zin
The Shining One

Shops:
D:4 :   D:9 *


Innate Abilities, Weirdness & Mutations

You are completely covered in rugged brown scales. (AC +3, +7% HP)
You have supernaturally acute eyesight. (SInv)
Armour fits poorly on your strangely shaped body.
You can roll at nearby foes to attack.
You have a long armoured tail.
You curl defensively after being hit. (AC +7*)


Message History

The floor, spattered with blood.
You feel much better.
The orc warlord is no longer covered in acid.
The orc warlord hits you but does no damage.
You block the hound's attack.
You slash the orc warlord!
The orc warlord is severely wounded.
You slash the hound!
You kill the hound!
The orc warlord roars a battlecry!
The orc warrior goes into a battle-frenzy!
Press: ? - help, v - describe, . - travel, g - get item
Here: an orc warlord, wielding a +1 vorpal great sword and wearing a +2 chain mail of fire resistance (severely wounded)
Items here: a +0 mace; a bronze plate armour; an orc corpse.
The floor, spattered with blood.
You slash the orc warlord!
Your tail-slap misses the orc warlord.
The orc warlord is severely wounded.
The orc warlord hits you with a +1 vorpal great sword!
Press: ? - help, v - describe, . - travel, g - get item
Here: an orc warlord, wielding a +1 vorpal great sword and wearing a +2 chain mail of fire resistance (severely wounded)
Items here: a +0 mace; a bronze plate armour; an orc corpse.
The floor, spattered with blood.
Roll where?
Press: ? - help, Dir - move target, f - orc warrior
Aim: an orc warrior, wielding a +0 hand axe and wearing a +0 chain mail (strong)
You roll forward with a clatter of scales!
You slash the orc warrior!
The orc warrior is moderately wounded.
The orc warrior completely misses you.
An orc warrior comes into view. It is wielding a +0 trident.
The orc warlord roars a battlecry!
The orc warrior goes into a battle-frenzy!
The orc warrior hits you with a +0 hand axe!
* * * LOW HITPOINT WARNING * * *
The orc warrior moves out of view.
Okay, then.
You fade into invisibility!
The orc warlord hits you with a +1 vorpal great sword!!
You die...
Your body glows with a rainbow of weird colours and disappears.

#...# #...#
+...o #...#
#.)[# #.))#
#.o.# #@#
#o######
#######○)....#
#......#.....#
#.......#.......
#.<.....#......[
#)......#.......
#............(..
#......#......#.


You could see an orc warlord (unable to see you) and 2 orc warriors.

Vanquished Creatures
  An ogre mage (D:13)
  4 two-headed ogres
  Sonja (D:10)
  Pikel (D:6)
  2 manticores (D:12)
  2 cyclopes (D:12)
  A kobold demonologist (D:12)
  Psyche (D:9)
  A troll (D:12)
  Grinder (D:6)
  Prince Ribbit (D:5)
  Sigmund (D:6)
  2 wyverns
  A wraith (D:11)
  A fire bat (D:10)
  10 yaks (D:11)
  9 vampire mosquitoes
  2 wargs (D:8)
  Edmund (D:6)
  Duvessa (D:6)
  2 water moccasins
  3 sky beasts
  3 orc warriors
  2 ice beasts
  4 centaurs
  3 ogres
  2 lemures (D:6)
  A phantom (D:5)
  2 kobold brigands
  2 scorpions
  5 bullfrogs
  A necrophage (D:7)
  6 wights (D:7)
  22 killer bees
  Dowan (D:6)
  5 howler monkeys
  Crazy Yiuf (D:4)
  3 jellies
  7 hounds
  5 orc priests
  An iguana (D:5)
  3 gnoll boudas
  Natasha (thrice) (D:4)
  7 orc wizards
  A hell rat (Sewer)
  18 gnolls
  6 adders
  3 river rats
  An ufetubus (D:6)
  A worm (D:13)
  A dart slug (D:1)
  37 orcs
  4 ball pythons
  11 endoplasms
  4 giant cockroaches
  10 goblins
  3 hobgoblins
  7 quokkas
  3 bats
  A frilled lizard (D:1)
  16 kobolds
  11 rats
276 creatures vanquished.

Vanquished Creatures (collateral kills)
  A centaur warrior (D:11)
  A wraith (D:11)
2 creatures vanquished.

Vanquished Creatures (others)
  11 fungi
  11 plants
22 creatures vanquished.

Grand Total: 300 creatures vanquished

Notes
Turn   | Place    | Note
-------+----------+-------------------------------------------
     0 | D:1      | monsoonserge the Palentonga Fighter began the quest for the
                  | Orb.
     0 | D:1      | Reached XP level 1. HP: 19/19 MP: 1/1
   291 | D:1      | Reached XP level 2. HP: 25/25 MP: 2/2
   554 | D:1      | Reached XP level 3. HP: 30/31 MP: 3/3
  1082 | D:2      | Identified the ring of Charity {rPois rF+ Will++ Str+3
                  | Slay+6}
  1206 | D:2      | Noticed an eye of devastation
  1207 | D:2      | Found a faded altar of an unknown god.
  1208 | D:2      | Noticed a shining eye
  1208 | D:2      | Noticed a great orb of eyes
  1208 | D:2      | Noticed a shining eye
  1433 | D:3      | Found a shadowy altar of Dithmenos.
  1445 | D:3      | Reached skill level 3 in Axes
  1643 | D:3      | Found a glowing golden altar of the Shining One.
  1683 | D:3      | Reached XP level 4. HP: 37/37 MP: 4/4
  1859 | D:4      | Found a runed translucent door.
  1860 | D:4      | Noticed Crazy Yiuf
  1883 | D:4      | Noticed Natasha
  1886 | D:4      | Killed Natasha
  1906 | D:4      | Noticed Natasha
  1907 | D:4      | Reached skill level 4 in Axes
  1909 | D:4      | Noticed a scorpion
  1921 | D:4      | Killed a scorpion
  1921 | D:4      | Killed Natasha
  1922 | D:4      | Reached XP level 5. HP: 14/44 MP: 5/5
  1955 | D:4      | Found Meibbeoj's Tremendous Tomes.
  2166 | D:4      | Reached XP level 6. HP: 39/51 MP: 6/6
  2170 | D:4      | Reached skill level 5 in Axes
  2181 | D:4      | Noticed Natasha
  2186 | D:4      | Killed Natasha
  2657 | D:4      | Killed Crazy Yiuf
  2709 | D:5      | Entered Level 5 of the Dungeon
  2807 | D:5      | Reached skill level 1 in Polearms
  2807 | D:5      | Gained mutation: You curl defensively after being hit. (AC
                  | +7*) [Palentonga growth]
  2807 | D:5      | Reached XP level 7. HP: 57/57 MP: 7/7
  3098 | D:5      | Found a glowing drain.
  3102 | Sewer    | Entered a sewer
  3724 | D:6      | Noticed Duvessa
  3725 | D:6      | Noticed Dowan
  3782 | D:6      | Reached XP level 8. HP: 36/65 MP: 8/8
  3959 | D:6      | Noticed Prince Ribbit
  3974 | D:5      | Killed Prince Ribbit
  4431 | D:6      | Reached skill level 5 in Fighting
  4439 | D:6      | Found a staircase to the Ecumenical Temple.
  4452 | Temple   | Entered the Ecumenical Temple
  4617 | Temple   | Became a worshipper of Nemelex Xobeh the Trickster
  4769 | D:6      | Noticed Pikel
  4776 | D:6      | Killed Pikel
  4777 | D:6      | Reached skill level 5 in Polearms
  4777 | D:6      | Reached skill level 5 in Armour
  4777 | D:6      | Reached skill level 1 in Dodging
  4777 | D:6      | Reached skill level 5 in Shields
  4777 | D:6      | Reached XP level 9. HP: 62/72 MP: 8/10
  4837 | D:6      | Killed Dowan
  4841 | D:6      | Killed Duvessa
  4951 | D:6      | Noticed Grinder
  4958 | D:6      | Killed Grinder
  5048 | D:6      | Found a hazy altar of Hepliaklqana.
  5124 | D:6      | Noticed Edmund
  5131 | D:6      | Killed Edmund
  5138 | D:6      | Noticed Sigmund
  5144 | D:6      | Killed Sigmund
  5145 | D:6      | Reached skill level 1 in Throwing
  5672 | D:7      | Reached * piety under Nemelex Xobeh
  5690 | D:7      | Reached XP level 10. HP: 62/78 MP: 13/13
  6365 | D:8      | Received a gift from Nemelex Xobeh
  6592 | D:8      | Found a staircase to the Lair.
  6839 | D:8      | Found a white marble altar of Elyvilon.
  7139 | D:8      | Noticed a two-headed ogre
  7141 | D:8      | Killed a two-headed ogre
  7142 | D:8      | Reached skill level 6 in Axes
  7142 | D:8      | Reached skill level 1 in Stealth
  7142 | D:8      | Reached skill level 5 in Invocations
  7528 | D:9      | Reached ** piety under Nemelex Xobeh
  7605 | D:9      | Noticed Psyche
  7611 | D:9      | Killed Psyche
  7677 | D:9      | Found Yviemaf's General Store.
  7686 | D:9      | Bought a scroll of teleportation for 33 gold pieces
  7998 | D:9      | Found a hide-covered altar of Uskayaw.
  8217 | D:9      | Received a gift from Nemelex Xobeh
  8490 | D:10     | Entered Level 10 of the Dungeon
  8564 | D:10     | Reached *** piety under Nemelex Xobeh
  8629 | D:10     | Received a gift from Nemelex Xobeh
  8732 | D:10     | Found a radiant altar of Vehumet.
  8817 | D:10     | Noticed Sonja
  8828 | D:10     | Killed Sonja
  8882 | D:10     | Identified the +3 quarterstaff "Demonbane" {drain, rN++}
  8916 | D:10     | Received a gift from Nemelex Xobeh
  8984 | D:10     | Noticed a deep elf pyromancer
  8986 | D:10     | Noticed a mana viper
  8986 | D:10     | a deep elf pyromancer changed into a mana viper
  8987 | D:10     | a mana viper changed into a fire bat
  9005 | D:10     | Noticed a two-headed ogre
  9014 | D:10     | Killed a two-headed ogre
  9015 | D:10     | Reached XP level 11. HP: 52/89 MP: 8/15
  9212 | D:10     | Reached skill level 7 in Axes
  9535 | D:11     | Found a staircase to the Orcish Mines.
  9761 | D:11     | Noticed a two-headed ogre
  9766 | D:11     | Killed a two-headed ogre
  9785 | D:11     | Noticed a centaur warrior
  9792 | D:11     | Killed a centaur warrior
  9796 | D:11     | Reached **** piety under Nemelex Xobeh
 10260 | D:11     | Received a gift from Nemelex Xobeh
 10317 | D:11     | Reached skill level 8 in Axes
 10845 | D:12     | Noticed a two-headed ogre
 10858 | D:12     | Killed a two-headed ogre
 11337 | D:12     | Received a gift from Nemelex Xobeh
 11580 | D:12     | Noticed an orc knight
 11580 | D:12     | Noticed an ogre mage
 11588 | D:13     | Killed an ogre mage
 11589 | D:13     | Reached XP level 12. HP: 91/98 MP: 15/17
 11594 | D:13     | Noticed an orc warlord
 11611 | D:13     | Reached skill level 9 in Axes
 11615 | D:13     | Slain by an orc warlord

Illustrated notes

Levels and vault maps discovered:
D:1:      minmay_arrival_cross, layout_basic
D:2:      layout_basic, hellmonk_ecumenical_altar_watching_god
D:3:      layout_rooms, mainiacjoe_overflow_cross_hatched,
          grunt_dithmenos_smoke, st_stairs_5
D:4:      layout_rooms, nicolae_shop_i_like_big_books, minmay_misc_feat_tower,
          nicolae_underground_beach, uniq_natasha, uniq_crazy_yiuf_cottage
D:5:      layout_gridville, gup_sewer_entry_bowl
D:6:      layout_cave_pools, worldfamousw_hep_ancestral_shrine, temple_hall,
          sigmund_edmund_badplayer, uniq_duvessa, uniq_prince_ribbit1,
          uniq_grinder, uniq_pikel
D:7:      layout_basic, dreamdust_mushroom_princess, minivault_27
D:8:      layout_basic, nicolae_elyvilon_temple_path, erik_lair_orcish_takeover,
          serial_glass, glass_columns_b, glass_columns_a, glass_columns_b,
          glass_columns_c, minmay_misc_feat_rugged
D:9:      layout_gridville, nicolae_overflow_hidden_temple, serial_shops,
          nicolae_lakefront_shop, uniq_psyche
D:10:     layout_roguey, lemuel_coloured_pillars_altar, serial_corexii_hall,
          corexii_hall_statues_u, chequers_hall_statues_corner_a, uniq_sonja
D:11:     layout_stronghold, david_orc_3
D:12:     nzn_winding_woodlands_stair_cross [nzn_winding_woodlands_5x15_pockets,
          nzn_winding_woodlands_center_garden,
          nzn_winding_woodlands_5x15_jagged, nzn_winding_woodlands_5x5_three,
          nzn_winding_woodlands_5x5_closed_star,
          nzn_winding_woodlands_5x15_sawtooth,
          nzn_winding_woodlands_center_lodge,
          nzn_winding_woodlands_5x15_lazy_stream], layout_loops_ring,
          lightli_minifort
D:13:     orc_temple, layout_gridville, skrybe_vaults_entry_preservation,
          portal_ice_cave_entry_pillars_1
Temple:   nicolae_temple_elliptical

Skill      XL: |  1  2  3  4  5  6  7  8  9 10 11 12 |
---------------+-------------------------------------+-----
Axes           | 3 4 5 6 8 9 |  9.0
Shields        | 3 4 5 6 7 8 |  8.6
Armour         | 3 4 5 7 8 |  8.1
Fighting       | 4 5 6 7 |  7.8
Polearms       | 1 3 5 |  5.4
Dodging        | 1 |  1.5
Invocations    | 2 4 6 7 |  7.9
Throwing       | 1 2 |  2.1
Stealth        | 1 |  1.2

Action                   |  1- 3 |  4- 6 |  7- 9 | 10-12 || total
-------------------------+-------+-------+-------+-------++-------
Melee: War axe           |   103 |    31 |       |       ||   134
       Tailslap          |     7 |    13 |    27 |    45 ||    92
       Spear             |       |    36 |    45 |       ||    81
       Hand axe          |       |       |   145 |   290 ||   435
Throw: Boomerang         |       |       |     3 |     8 ||    11
       Dart              |       |       |     4 |     9 ||    13
Invok: Draw Destruction  |       |       |       |     9 ||     9
       Draw Summoning    |       |       |       |     2 ||     2
       Draw Escape       |       |       |       |     1 ||     1
 Abil: Rolling Charge    |    33 |    14 |    30 |    38 ||   115
Evoke: Wand              |       |       |       |     1 ||     1
  Use: Potion            |       |     1 |       |     3 ||     4
       Scroll            |       |       |       |     9 ||     9
Armor: Ring mail         |    30 |       |       |       ||    30
       Chain mail        |    20 |    42 |    50 |       ||   112
       Plate armour      |       |       |    48 |   169 ||   217
Dodge: Dodged            |    24 |     4 |    27 |    51 ||   106
Block: Buckler           |    16 |       |       |       ||    16
       Tower shield      |     7 |    33 |   134 |   242 ||   416
